 Dungeon Crawl Stone Soup version 0.18.1-48-g4cf74bf (webtiles) character file.

2961 PossumBlood the Fighter (level 10, -1/89 HPs)
             Began as a Formicid Fighter on Aug 22, 2016.
             Was an Elder of Okawaru.
             Slain by a killer bee (8 damage)
             ... on level 8 of the Dungeon.
             The game lasted 00:13:46 (7521 turns).

PossumBlood the Fighter (Formicid Fighter)          Turns: 7521, Time: 00:13:46

Health: -1/89      AC: 13    Str: 24    XL:     10   Next: 8%
Magic:  10/10      EV:  8    Int:  8    God:    Okawaru [****..]
Gold:   191        SH: 14    Dex: 10    Spells: 0 memorised, 9 levels left

rFire  . . .     SeeInvis +     a - +2 war axe
rCold  . . .     Gourm    .     m - +4 ring mail "Duap" {rElec}
rNeg   . . .     Faith    .     c - +0 shield
rPois  .         Spirit   .     (helmet unavailable)
rElec  +         Dismiss  .     s - +0 cloak
rCorr  .         Reflect  +     o - +0 pair of gloves
SustAt .         Harm     .     (no boots)
MR     +....                    v - +5 amulet of reflection
Stlth  ..........               (no ring)
                                (no ring)

@: lethally poisoned (-1 -> -11), somewhat resistant to hostile enchantments,
extremely unstealthy
A: permanent stasis, dig shafts and tunnels, four strong arms, antennae 3
a: Dig, Shaft Self, Heroism, Renounce Religion


You were on level 8 of the Dungeon.
You worshipped Okawaru.
Okawaru was greatly pleased with you.
You were not hungry.

You visited 1 branch of the dungeon, and saw 8 of its levels.

You collected 273 gold pieces.
You spent 82 gold pieces at shops.

Inventory:

Hand Weapons
 a - a +2 war axe (weapon)
 d - a +0 whip of flaming
Missiles
 u - 6 javelins (quivered)
 z - 8 poisoned javelins
Armour
 c - a +0 shield (worn)
 m - the +4 ring mail "Duap" (worn) {rElec}
   (You found it on level 7 of the Dungeon)

   It insulates you from electricity.
 o - a +0 pair of gloves (worn)
 p - a +1 plate armour
 s - a +0 cloak (worn)
Jewellery
 v - a +5 amulet of reflection (around neck)
Scrolls
 b - a scroll of recharging
 g - 6 scrolls of remove curse
 n - 7 scrolls of identify
 t - 2 scrolls of magic mapping
 x - 2 scrolls of amnesia
 y - a scroll of fear
 A - 2 scrolls of enchant weapon
Potions
 e - a potion of resistance
 i - 4 potions of curing
 j - 4 potions of lignification {unknown}
 l - a potion of agility {unknown}
 q - 3 potions of heal wounds {unknown}
 r - 3 potions of mutation {unknown}
 C - a potion of haste {unknown}
Books
 w - a book of Debilitation

   Spells                             Type                      Level
   a - Corona                         Hexes                        1
   b - Slow                           Hexes                        2
   c - Gell's Gravitas                Hexes/Translocation          3
   d - Inner Flame                    Hexes/Fire                   3
   e - Cause Fear                     Hexes                        4
   f - Leda's Liquefaction            Hexes/Earth                  4
Comestibles
 f - 7 bread rations
 h - 3 meat rations
 k - a fruit
 B - a beef jerky


   Skills:
 * Level 12.1 Fighting
 - Level 2.0 Axes
 + Level 8.9 Armour
 - Level 3.6 Shields


You had 9 spell levels left.
You didn't know any spells.

Dungeon Overview and Level Annotations

Branches:
Dungeon (8/15)             Temple (0/1) D:5
   Lair: D:8-11

Altars:
Ashenzari
Elyvilon
Fedhas
Gozag
Kikubaaqudgha
Okawaru
Sif Muna
Vehumet
Yredelemnul
Zin
The Shining One

Shops:
D:4 *


Innate Abilities, Weirdness & Mutations

You are under a permanent stasis effect.
You can dig through walls and to a lower floor.
Your four strong arms can wield two-handed weapons with a shield.
You have a pair of large antennae on your head (SInv).


Message History

You hit the killer bee.
The killer bee is severely wounded.
You slash the killer bee!
You kill the killer bee!
Okawaru accepts your kill.
You feel sick. You block the killer bee's attack. The killer bee stings you!
* * * LOW HITPOINT WARNING * * *
The killer bee stings you.
* * * LOW HITPOINT WARNING * * *
The killer bee barely misses you.
You miss the killer bee.
The killer bee is severely wounded.
You closely miss the killer bee.
The killer bee is heavily wounded.
* * * LOW HITPOINT WARNING * * *
You feel sick. You block the killer bee's attack. x2
The killer bee stings you.
* * * LOW HITPOINT WARNING * * *
The killer bee stings you!
You die...

#.........#
#........<#
#.........###
#...........
#....!a...#
#.........#
#a########
#Zyy#....#
###@.....# ##
###....### ..
#....<.#########
#....#..........
#....##########.
#...## ## ##..#
#..# ## #..#
####>


You could see a worker ant, 2 killer bees and a wyvern skeleton.

Vanquished Creatures
  Pikel (D:7)
  Sigmund (D:6)
  2 orc warriors
  Eustachio (D:6)
  A spriggan (D:7)
  A water moccasin (D:7)
  Duvessa (D:7)
  A phantom (D:6)
  2 black bears
  An ogre (D:6)
  A centaur (D:7)
  4 giant frogs (D:6)
  Dowan (D:7)
  A killer bee (D:8)
  Crazy Yiuf (D:6)
  5 hounds
  An orc priest (D:7)
  A giant frog zombie (D:7)
  A centaur skeleton (D:7)
  Natasha (thrice) (D:3)
  2 iguanas
  3 orc wizards
  2 worker ants (D:4)
  A hound zombie (D:7)
  5 hound skeletons
  2 gnolls (D:3)
  5 adders
  2 shadow imps
  3 oozes
  An adder zombie (D:6)
  3 worms
  5 giant geckos
  12 orcs
  2 ball pythons
  5 giant cockroaches
  5 goblins
  11 hobgoblins
  6 jackals
  12 kobolds
  6 quokkas
  5 bats
  2 giant newts
  6 rats
137 creatures vanquished.

Vanquished Creatures (others)
  A slave (D:7)
  A crimson imp (D:7)
  A hound (D:7)
  An orc (D:7)
  A giant newt (D:7)
5 creatures vanquished.

Grand Total: 142 creatures vanquished

Notes
Turn   | Place    | Note
--------------------------------------------------------------
     0 | D:1      | PossumBlood the Formicid Fighter began the quest for the Orb.
     0 | D:1      | Reached XP level 1. HP: 18/18 MP: 1/1
    14 | D:1      | Reached XP level 2. HP: 23/25 MP: 2/2
   265 | D:1      | Reached skill level 4 in Fighting
   349 | D:1      | Reached XP level 3. HP: 26/30 MP: 3/3
   813 | D:1      | Reached XP level 4. HP: 27/38 MP: 4/4
  1264 | D:2      | Reached skill level 5 in Fighting
  1747 | D:2      | Found a white marble altar of Elyvilon.
  1751 | D:2      | Found a deep blue altar of Sif Muna.
  1757 | D:2      | Found a radiant altar of Vehumet.
  1785 | D:2      | Reached XP level 5. HP: 40/44 MP: 5/5
  2048 | D:3      | Found an iron altar of Okawaru.
  2056 | D:3      | Became a worshipper of Warmaster Okawaru
  2185 | D:3      | Noticed Natasha
  2200 | D:3      | Killed Natasha
  2416 | D:3      | Noticed Natasha
  2422 | D:3      | Killed Natasha
  2439 | D:3      | Noticed Natasha
  2444 | D:3      | Killed Natasha
  2481 | D:3      | Reached XP level 6. HP: 45/52 MP: 6/6
  2487 | D:3      | Reached skill level 6 in Fighting
  2809 | D:3      | Found a glowing golden altar of the Shining One.
  2976 | D:4      | Found Naotaj's General Store.
  2990 | D:4      | Reached skill level 5 in Armour
  3206 | D:4      | Bought a scroll of enchant armour for 82 gold pieces
  3221 | D:4      | Found a glowing silver altar of Zin.
  3596 | D:4      | Found an opulent altar of Gozag.
  3761 | D:5      | Entered Level 5 of the Dungeon
  3805 | D:5      | Reached XP level 7. HP: 55/59 MP: 7/7
  3858 | D:5      | Found a shattered altar of Ashenzari.
  3884 | D:5      | Reached skill level 7 in Fighting
  3897 | D:5      | Reached * piety under Okawaru
  3938 | D:5      | Found a staircase to the Ecumenical Temple.
  4289 | D:5      | Found a blossoming altar of Fedhas.
  4290 | D:5      | Found an ancient bone altar of Kikubaaqudgha.
  4481 | D:5      | Found a basalt altar of Yredelemnul.
  4579 | D:6      | Noticed Crazy Yiuf
  4586 | D:6      | Killed Crazy Yiuf
  4831 | D:6      | Reached skill level 8 in Fighting
  4918 | D:6      | Reached XP level 8. HP: 29/68 MP: 8/8
  5280 | D:6      | Reached ** piety under Okawaru
  5283 | D:6      | Noticed Sigmund
  5293 | D:6      | Killed Sigmund
  5293 | D:6      | Reached skill level 9 in Fighting
  5393 | D:6      | Noticed Eustachio
  5439 | D:6      | Killed Eustachio
  5482 | D:6      | Reached *** piety under Okawaru
  5663 | D:6      | Reached XP level 9. HP: 72/78 MP: 9/9
  5715 | D:7      | Got a heavily runed ring mail
  5716 | D:7      | Identified the +4 ring mail "Duap" {rElec} (You found it on level 7 of the Dungeon)
  5773 | D:7      | Reached skill level 10 in Fighting
  5909 | D:7      | Noticed Duvessa
  5909 | D:7      | Noticed Dowan
  5913 | D:7      | Noticed Pikel
  5916 | D:7      | Killed Duvessa
  5921 | D:7      | Killed Dowan
  5927 | D:7      | Killed Pikel
  5927 | D:7      | Reached **** piety under Okawaru
  5927 | D:7      | Reached skill level 11 in Fighting
  6873 | D:7      | Received a gift from Okawaru
  7103 | D:8      | Reached XP level 10. HP: 39/89 MP: 10/10
  7298 | D:8      | Reached skill level 12 in Fighting
  7521 | D:8      | Slain by a killer bee

Skill      XL: |  1  2  3  4  5  6  7  8  9 10 |
---------------+-------------------------------+-----
Fighting       | 4 5 6 8 9 11 12 | 12.1
Armour         | 4 5 6 7 8 |  8.9
Axes           | |  2.0
Shields        | |  3.6

Action                   |  1- 3 |  4- 6 |  7- 9 | 10-12 || total
-------------------------+-------+-------+-------+-------++-------
Melee: War axe           |   102 |   205 |   265 |    25 ||   597
  Use: Scroll            |     6 |     4 |     5 |       ||    15
       Potion            |       |       |     1 |       ||     1
  Eat: Bread ration      |       |     2 |       |     1 ||     3
       Royal jelly       |       |     1 |       |       ||     1
       Pizza             |       |       |     3 |       ||     3
       Fruit             |       |       |     6 |     1 ||     7
Armor: Scale mail        |    43 |    51 |       |       ||    94
       Plate armour      |       |    54 |    90 |       ||   144
       Ring mail         |       |       |    46 |    32 ||    78
Dodge: Dodged            |    31 |    64 |    42 |    32 ||   169
Block: Shield            |    57 |   114 |   227 |    43 ||   441
       Reflection        |       |       |     2 |       ||     2
